 Dungeon Crawl Stone Soup version 0.32-a0-519-g08f29ac1c3 (webtiles) character file.

Game seed: 7181138587550527790

144 seren the Charlatan (level 5, -1/38 HPs)
             Began as a Coglin Artificer on Feb 27, 2024.
             Slain by a gnoll
             ... wielding a +0 halberd
              (11 damage)
             ... on level 4 of the Dungeon.
             The game lasted 00:05:45 (3075 turns).

seren the Charlatan (Coglin Artificer)              Turns: 3075, Time: 00:05:45

Health: -1/38      AC:  4    Str: 12    XL:     5   Next: 27%
Magic:  5/5        EV: 12    Int: 10    God:
Gold:   209        SH:  0    Dex: 17    Spells: 4/4 levels left

rFire   . . .        j - +0 dagger (venom) {Sachi}
rCold   . . .        l - +2 dagger (pain) {Kasem}
rNeg    . . .        b - +0 leather armour
rPois   .            (no helmet)
rElec   .            g - +0 cloak
rCorr   .            (no gloves)
SInv    .            (no boots)
Will    .....        (no amulet)
Stlth   ++           (ring unavailable)
HPRegen 0.26/turn    (ring unavailable)
MPRegen 0.09/turn

%: no passive effects
@: attractive, revving
A: off-hand wielding, slow wielding, warmup strikes, no rings
a: no special abilities


You were on level 4 of the Dungeon.
You visited 1 branch of the dungeon, and saw 4 of its levels.

You collected 209 gold pieces.

Inventory:

Hand Weapons
 j - a +0 dagger of venom (weapon) {Sachi}
 l - a +2 dagger of pain (offhand) {Kasem}
Missiles
 m - 6 silver javelins
Armour
 b - a +0 leather armour (worn)
 g - a +0 cloak (worn)
Wands
 c - a wand of flame (14) (quivered)
 d - a wand of charming (14)
 e - a wand of iceblast (5)
Scrolls
 f - a scroll of fear {unknown}
 h - 5 scrolls of identify {unknown}
 k - 3 scrolls of enchant weapon {unknown}
 p - a scroll of acquirement {unknown}
 q - a scroll of noise {unknown}
 s - a scroll of teleportation {unknown}
Potions
 a - a potion of attraction
 i - 2 potions of degeneration {unknown}
 n - a potion of enlightenment {unknown}
 o - 3 potions of heal wounds {unknown}
 r - 2 potions of curing {unknown}
 t - a potion of lignification {unknown}


   Skills:
 + Level 2.1 Fighting
 * Level 2.1 Short Blades
 + Level 2.6 Armour
 + Level 1.9 Dodging
 - Level 0.8 Stealth
 + Level 4.7 Evocations


You had 4 spell levels left.
You didn't know any spells.
Your spell library was empty.

Dungeon Overview and Level Annotations

Branches:
Dungeon (4/15)
 Temple: D:4-7

Altars:
Sif Muna

Shops:
D:3 =

Annotations:
D:2 Sigmund
D:3 1 runed translucent door, shadizar's ghost, amateur MDFE


Innate Abilities, Weirdness & Mutations

You can wield a second weapon in your off-hand.
It takes a long time for you to wield or remove held weapons.
Your first few attacks do less damage.
Your grasper-arms cannot wear rings.


Message History

You miss the adder with your +2 dagger of pain.
The adder bites you but does no damage.
You hit the adder with your +0 dagger of venom.
The adder is heavily wounded.
You hit the adder with your +2 dagger of pain.
You kill the adder!
Your Short Blades skill increases to level 2!
You barely miss the gnoll with your +0 dagger of venom.
You barely miss the gnoll with your +2 dagger of pain.
The gnoll barely misses you.
You hit the gnoll but do no damage.
The gnoll is poisoned.
You hit the gnoll with your +2 dagger of pain.
The gnoll hits you but does no damage.
You hit the gnoll with your +0 dagger of venom.
The gnoll looks as sick as possible!
The gnoll is heavily wounded.
You completely miss the gnoll with your +2 dagger of pain.
The gnoll hits you from afar with a +0 halberd!
* * * LOW HITPOINT WARNING * * *
The gnoll barely misses you. The gnoll attacks as it pursues you!
The gnoll misses you. The gnoll attacks as it pursues you!
The gnoll hits you with a +0 club.
* * * LOW HITPOINT WARNING * * *
You completely miss the gnoll with your +2 dagger of pain.
The gnoll is almost dead.
You hit the gnoll with your +0 dagger of venom.
You kill the gnoll!
The gnoll attacks as it pursues you!
The gnoll hits you from afar with a +0 halberd!
* * * LOW HITPOINT WARNING * * *
The gnoll attacks as it pursues you! The gnoll barely misses you.
It was a potion of attraction.
You feel attractive to monsters.
The gnoll hits you from afar with a +0 halberd.
* * * LOW HITPOINT WARNING * * *
The gnoll is attracted toward you.
You closely miss the gnoll with your +0 dagger of venom.
You completely miss the gnoll with your +2 dagger of pain.
The gnoll hits you with a +0 halberd!
You die...

....## ...†.# .. ...#.######
#.. ...#..†.).###### #...
...#..###......#####....
..#..##................
..#..#.......(......##
....##...............##
##..#.........§g@.....##
##.##..............)...##
#..##.............#.....#..#
#.###.............##<......#
..# #............####......#
.## #..........## #....## .#
..........# #>..# .#
........## #...# ## .#####
#...


You could see a gnoll.

Vanquished Creatures
  Jessica (D:2)
  3 gnolls
  An adder (D:4)
  2 dart slugs
  5 orcs (D:3)
  3 bats
  7 endoplasms
  5 giant cockroaches
  10 goblins
  8 hobgoblins
  2 jackals (D:1)
  A quokka (D:1)
  7 ball pythons
  5 frilled lizards
  2 kobolds
  3 rats
65 creatures vanquished.

Vanquished Creatures (others)
  A ball python (D:1)
1 creature vanquished.

Grand Total: 66 creatures vanquished

Notes
Turn   | Place    | Note
-------+----------+-------------------------------------------
     0 | D:1      | seren the Coglin Artificer began the quest for the Orb.
     0 | D:1      | Reached XP level 1. HP: 15/15 MP: 1/1
    58 | D:1      | Reached skill level 1 in Dodging
   245 | D:1      | Found a faded altar of an unknown god.
   252 | D:1      | Reached XP level 2. HP: 19/21 MP: 2/2
   298 | D:1      | HP: 1/21 [hobgoblin (3)]
   551 | D:1      | Reached XP level 3. HP: 26/26 MP: 3/3
  1008 | D:1      | Reached skill level 1 in Short Blades
  1487 | D:2      | Noticed Sigmund
  1603 | D:2      | Reached XP level 4. HP: 33/33 MP: 4/4
  1805 | D:2      | Noticed Jessica
  1809 | D:2      | Killed Jessica
  2057 | D:3      | Found Daub's Jewellery Boutique.
  2137 | D:3      | Found a runed translucent door.
  2506 | D:3      | Found a shimmering blue altar of Sif Muna.
  2877 | D:3      | Noticed shadizar's ghost (amateur MDFE)
  3029 | D:4      | Reached XP level 5. HP: 33/38 MP: 5/5
  3075 | D:4      | Slain by a gnoll

Illustrated notes

Levels and vault maps discovered:
D:1:      lightli_arrival_farm, layout_basic, basic_ecumenical_altar,
          minmay_misc_feat_rows, grunt_decor_mini_mirrors
D:2:      layout_loops_cross, minmay_surrounded, uniq_sigmund, uniq_jessica
D:3:      layout_basic, mainiacjoe_overflow_catwalk,
          ebering_ghost_reflecting_pool, serial_shops, shop
D:4:      layout_cave_pods, abandoned_shop

Skill      XL: |  1  2  3  4  5 |
---------------+----------------+-----
Dodging        | 1 |  1.9
Armour         | 2 |  2.6
Short Blades   | 1 2 |  2.1
Fighting       | 2 |  2.1
Stealth        | |  0.8
Evocations     | |  4.7

Action                     |  1- 3 |  4- 6 || total
---------------------------+-------+-------++-------
  Melee: Club              |    77 |       ||    77
         Dagger            |    80 |   127 ||   207
  Evoke: Wand              |     2 |       ||     2
    Use: Potion            |       |     1 ||     1
   Stab: Sleeping          |     2 |     1 ||     3
 Armour: Leather armour    |    60 |    44 ||   104
  Dodge: Dodged            |    61 |    46 ||   107
         Repelled          |       |     1 ||     1

Table legend: (Time is in decaauts)
 A = Elapsed time spent in this place.
 B = Non-inter-level travel time spent in this place.
 C = Inter-level travel time spent in this place.
 D = Time resting spent in this place.
 E = Time spent auto-exploring this place.
 F = Levels seen in this place.
 G = Mean time per level.
                   A        B        C        D        E       F      G
               +--------+--------+--------+--------+--------+-----+--------+
         Total |   3101 |   3024 |     77 |    179 |   2146 |   4 |  775.2 |
       Dungeon |   3101 |   3024 |     77 |    179 |   2146 |   4 |  775.2 |
               +--------+--------+--------+--------+--------+-----+--------+

Top non-repeatable levels by time:
     D:1: 1298 daAuts
     D:3: 847 daAuts
     D:2: 781 daAuts
     D:4: 173 daAuts
